 Dungeon Crawl Stone Soup version 0.24-a0-317-g5cb8de4 (webtiles) character file.

Game seed: 9901153890237565668

203 Borgoz the Slasher (level 5, 39/46 HPs)
             Began as a Hill Orc Gladiator on May 16, 2019.
             Quit the game on level 2 of the Dungeon.
             The game lasted 00:02:36 (1453 turns).

Borgoz the Slasher (Hill Orc Gladiator)             Turns: 1453, Time: 00:02:37

Health: 39/46      AC:  7    Str: 20    XL:     5   Next: 81%
Magic:  5/5        EV: 11    Int:  8    God:
Gold:   99         SH:  0    Dex: 13    Spells: 4/4 levels left

rFire    . . .     SeeInvis .   a - +0 long sword
rCold    . . .     Gourm    .   (no shield)
rNeg     . . .     Faith    .   i - +0 scale mail
rPois    .         Spirit   +   (helmet restricted)
rElec    .         Reflect  .   (no cloak)
rCorr    .         Harm     .   l - +0 pair of gloves {Str+3}
MR       .....     Clarity  +   (no boots)
Stlth    ..........             e - amulet of guardian spirit
HPRegen  0.15/turn              (no ring)
MPRegen  0.09/turn              (no ring)

@: no status effects
A: horns 1, blurry vision 1, clarity, MP-powered wands
a: no special abilities


You were on level 2 of the Dungeon.
You were not hungry.

You visited 1 branch of the dungeon, and saw 2 of its levels.

You collected 99 gold pieces.

Inventory:

Hand Weapons
 a - a +0 long sword (weapon)
Missiles
 d - 3 throwing nets (quivered)
Armour
 b - a +0 plate armour
 c - a +0 helmet
 i - a +0 scale mail (worn)
 l - a +0 pair of gloves of strength (worn)
Jewellery
 e - an amulet of guardian spirit (around neck)
 f - an uncursed ring of ice {unknown}
 k - an uncursed ring of magical power {unknown}
Scrolls
 g - 2 scrolls of teleportation {unknown}
 h - 3 scrolls of identify {unknown}
Potions
 j - a potion of curing {unknown}


   Skills:
 + Level 4.1 Fighting
 + Level 4.4 Long Blades
 + Level 3.0 Throwing
 + Level 3.3 Dodging


You had 4 spell levels left.
You didn't know any spells.
Your spell library was empty.

Dungeon Overview and Level Annotations

Branches:
Dungeon (2/15)

Altars:


Innate Abilities, Weirdness & Mutations

You have a pair of small horns on your head.
Scrolls take you a little longer to read.
You possess an exceptional clarity of mind.
You expend magic power (3 MP) to strengthen your wands.


Message History

You are starving!
The hungry ghost closely misses you.
You riposte.
You miss the hungry ghost.
The hungry ghost is almost destroyed.
You hit the hungry ghost.
You destroy the hungry ghost!
Your Fighting skill increases to level 4!
Your Long Blades skill increases to level 4!
Your Throwing skill increases to level 3!
Your Dodging skill increases to level 3!
You have reached level 5!
You feel stronger.
Okay, then.
You eat the ration.
That ration really hit the spot!
d - 3 throwing nets (gained 1)
Found a shiny emerald ring.
You start resting.
Magic restored.
f - a shiny emerald ring
k - a knobbly gilded ring Are you sure you want to abandon this character and quit the game? (Confirm with "yes".)

#......... #.#....###
#.###..... #.###..##. ###
#.#......#.. ...
........>##.# #.#
##...........
########.###########.##..
..##.......@.......
#.....
8.......###.#######
#.#... #.#.........#
#.#... #.#.#.##.##.#
#.#... #######.#.#.##.# #
#.#### ..........#.##.#
#..... ######'###.##.#
###### #.............
..... ###......##..#.#
.####


There were no monsters in sight!

Vanquished Creatures
  A hungry ghost (D:2)
  4 adders (D:2)
  A dart slug (D:1)
  3 leopard geckos (D:1)
  5 bats
  A giant cockroach (D:1)
  A goblin (D:1)
  7 hobgoblins
  3 jackals (D:1)
  6 kobolds
  A frilled lizard (D:2)
  A rat (D:1)
34 creatures vanquished.

Notes
Turn   | Place    | Note
-------+----------+-------------------------------------------
     0 | D:1      | Borgoz the Hill Orc Gladiator began the quest for the Orb.
     0 | D:1      | Reached XP level 1. HP: 18/18 MP: 1/1
    47 | D:1      | Reached XP level 2. HP: 22/25 MP: 2/2
   532 | D:1      | Reached XP level 3. HP: 20/30 MP: 3/3
  1201 | D:2      | Reached XP level 4. HP: 28/38 MP: 4/4
  1402 | D:2      | Noticed a hungry ghost
  1413 | D:2      | Gained mutation: You have a pair of small horns on your
                  | head. [potion of mutation]
  1413 | D:2      | Gained mutation: You expend magic power (3 MP) to
                  | strengthen your wands. [potion of mutation]
  1413 | D:2      | Gained mutation: Scrolls take you a little longer to read.
                  | [potion of mutation]
  1413 | D:2      | Gained mutation: You possess an exceptional clarity of
                  | mind. [potion of mutation]
  1423 | D:2      | Killed a hungry ghost
  1423 | D:2      | Reached XP level 5. HP: 34/46 MP: 3/5
  1453 | D:2      | Quit the game

Levels and vault maps discovered:
D:1:      roderic_crossed_star, layout_basic
D:2:      cheibrodos_greedy_goblins, layout_basic, minmay_misc_feat_tower

Skill      XL: |  1  2  3  4 |
---------------+-------------+-----
Throwing       | 2 3 |  3.0
Fighting       | 3 4 |  4.1
Long Blades    | 4 |  4.4
Dodging        | 3 |  3.3

Action                   |  1- 3 |  4- 6 || total
-------------------------+-------+-------++-------
Melee: Long sword        |    67 |    27 ||    94
       Headbutt          |       |     1 ||     1
Throw: Throwing net      |       |     1 ||     1
  Use: Potion            |       |     1 ||     1
  Eat: Chunk             |     1 |     1 ||     2
       Ration            |       |     2 ||     2
Armor: Ring mail         |    15 |       ||    15
       Scale mail        |    26 |    15 ||    41
Dodge: Dodged            |    62 |    26 ||    88
       Rpst.: Long sword |    28 |    10 ||    38

Table legend:
 A = Non-vault XP
 B = Vault XP
 C = Vault XP percentage of total XP
 D = Non-vault monster count
 E = Vault monster count
 F = Vault count percentage of total count
                 A         B        C        D         E       F
            +---------+---------+-------+---------+---------+-------
      Total |     290 |       0 |   0.0 |      34 |       0 |   0.0
            +---------+---------+-------+---------+---------+-------
        D:1 |      46 |       0 |   0.0 |      22 |       0 |   0.0
        D:2 |     244 |       0 |   0.0 |      12 |       0 |   0.0
            +---------+---------+-------+---------+---------+-------
